AoeStats
← RelevantAnchovy

Arena

510232276Analyzed
3v3 RM · 10h ago on Sep 30, 2026· 46m 1s· 6 players
Game mode
Random Map
Map size
Normal (6 player)
Population
200
Speed
Normal
Resources
Standard
Victory
Conquest
Starting age
Dark Age
Ending age
Imperial Age
RankedLock teamsTeams togetherTeam positionsShared explorationLock speedFull tech treeHidden civsTurbo modeCheats
Victory
Defeat
🇺🇸 Danes · United States
995
+14
🇺🇸 Poles · United States
979
+15
🇺🇸 Franks · United States
950
+17
🇺🇸 Dravidians · United States
964
-16
🇺🇸 Japanese · United States
958
-15
🇺🇸 Danes · United States
953
-15
aochamberlin17
12:12 Feudal Age
13:28 Horse Collar
14:19 Loom
15:10 Wheelbarrow
19:04 Arson
19:33 Forging
19:23 Scale Mail Armor
20:54 Wheelbarrow
20:05 Town Watch
23:08 Castle Age
22:57 Wheelbarrow
22:08 Town Watch
23:14 Double-Bit Axe
25:32 Chain Mail Armor
25:53 Iron Casting
33:35 Squires
34:49 Wheelbarrow
37:06 Bow Saw
40:52 Scale Barding Armor
40:50 Husbandry
41:20 Bloodlines
paul23_2
11:02 Feudal Age
12:01 Double-Bit Axe
12:37 Horse Collar
13:27 Loom
15:54 Castle Age
20:30 Bow Saw
28:23 Scale Mail Armor
28:35 Forging
29:43 Wheelbarrow
31:39 Imperial Age
29:17 Gold Mining
29:31 Heavy Plow
29:41 Town Watch
31:04 Gold Shaft Mining
30:59 Stone Mining
32:42 Conscription
31:56 Northmen's Fury
33:00 Hand Cart
32:56 Onager
34:05 Gambesons
34:38 Chain Mail Armor
39:38 Plate Mail Armor
39:44 Iron Casting
mata101
10:05 Feudal Age
11:08 Double-Bit Axe
12:18 Loom
15:34 Castle Age
16:23 Man-at-Arms
16:48 Gambesons
17:05 Squires
16:51 Arson
16:57 Horse Collar
18:45 Bow Saw
18:20 Long Swordsman
19:04 Squires
18:51 Arson
21:23 Scale Mail Armor
21:40 Town Watch
22:18 Heavy Plow
25:05 Wheelbarrow
24:46 Pikeman
25:21 Fletching
26:28 Forging
26:27 Elite Skirmisher
27:10 Padded Archer Armor
27:12 Stone Mining
28:08 Chain Mail Armor
28:42 Leather Archer Armor
29:01 Scale Barding Armor
32:50 Imperial Age
31:38 Bodkin Arrow
31:50 Thumb Ring
32:43 Hand Cart
33:20 Iron Casting
32:39 Gold Mining
32:56 Siege Elephant
33:10 Two-Handed Swordsman
34:24 Plate Mail Armor
34:52 Bracer
34:27 Champion
37:56 Conscription
37:59 Wootz Steel
37:01 Elite Urumi Swordsman
39:00 Elite Urumi Swordsman
41:04 Chain Barding Armor
41:46 Blast Furnace
41:16 Ring Archer Armor
41:38 Light Cavalry
42:18 Husbandry
RelevantAnchovy
11:32 Feudal Age
12:42 Double-Bit Axe
15:16 Castle Age
13:04 Horse Collar
19:15 Loom
22:41 Scale Mail Armor
23:36 Wheelbarrow
25:43 Hand Cart
25:42 Bow Saw
25:34 Heavy Plow
27:26 Fletching
31:22 Imperial Age
28:16 Hamask
28:50 Stone Mining
28:56 Gold Mining
29:42 Squires
29:27 Gambesons
30:00 Chain Mail Armor
30:05 Town Watch
31:50 Man-at-Arms
31:58 Onager
33:08 Conscription
33:20 Forging
33:41 Plate Mail Armor
33:43 Long Swordsman
34:21 Pikeman
36:05 Elite Jomsviking
36:18 Two-Handed Swordsman
37:46 Siege Engineers
38:15 Champion
40:35 Northmen's Fury
40:37 Siege Onager
42:04 Iron Casting
45:25 Chemistry
zackdh9
11:32 Feudal Age
15:26 Castle Age
14:35 Double-Bit Axe
16:56 Bow Saw
20:46 Wheelbarrow
22:43 Stone Mining
28:33 Imperial Age
26:35 Hand Cart
29:25 Ordonnance Companies
30:06 Fletching
30:16 Padded Archer Armor
30:41 Ballistics
31:22 Chemistry
30:49 Conscription
30:43 Scale Barding Armor
30:41 Cavalier
31:23 Cranequins
32:02 Bodkin Arrow
32:22 Leather Archer Armor
33:08 Husbandry
33:46 Leather Archer Armor
34:02 Heavy Mounted Crossbowman
37:32 Paladin
39:50 Chain Barding Armor
39:40 Forging
43:39 Iron Casting
46:01 Gold Mining
ambitious_koala2
11:40 Feudal Age
15:28 Wheelbarrow
20:57 Castle Age
19:41 Double-Bit Axe
19:38 Horse Collar
20:05 Gold Mining
20:44 Fletching
21:12 Padded Archer Armor
22:34 Crossbowman
23:46 Heavy Plow
27:07 Thumb Ring
27:00 Bodkin Arrow
28:13 Leather Archer Armor
28:20 Bow Saw
30:45 Hand Cart
30:03 Pikeman
37:27 Imperial Age
36:53 Szlachta Privileges
37:19 Bloodlines
37:09 Husbandry
37:58 Cavalier
39:03 Scale Barding Armor
38:59 Bracer
39:09 Forging
42:51 Chemistry
41:58 Siege Engineers
42:06 Fortified Wall
42:18 Ballistics
42:11 Masonry
43:05 Conscription
46:01 Light Cavalry
Connection lost

Rejoining the realm…

Still unreachable

The connection could not be restored.

Session expired

The server has moved on; the page needs a fresh start.